 Dungeon Crawl Stone Soup version 0.28.0-1-gb440e238dd (webtiles) character file.

Game seed: 308797483375732401

67 Ablot the Grasshopper (level 4, 0/38 HPs)
             Began as a Gnoll Warper on Feb 19, 2022.
             Slain by Crazy Yiuf (11 damage)
             ... on level 2 of the Dungeon.
             The game lasted 00:02:41 (2894 turns).

Ablot the Grasshopper (Gnoll Warper)                Turns: 2894, Time: 00:02:42

Health: 0/38       AC:  6    Str: 13    XL:     4   Next: 16%
Magic:  11/11      EV: 12    Int: 12    God:
Gold:   126        SH:  0    Dex: 11    Spells: 11/13 levels left

rFire   . . .      SeeInvis .   p - +4 dagger (venom)
rCold   . . .      Faith    .   (no shield)
rNeg    . . .      Spirit   .   b - +0 leather armour
rPois   .          Reflect  .   o - +2 helmet
rElec   .          Harm     .   (no cloak)
rCorr   .          Rampage  .   (no gloves)
Will    .....                   (no boots)
Stlth   +.........              (no amulet)
HPRegen 0.12/turn               (no ring)
MPRegen 0.12/turn               (no ring)

@: lethally poisoned (0 -> -7)
A: fangs 1, strong nose, distributed training
a: no special abilities


You were on level 2 of the Dungeon.
You visited 1 branch of the dungeon, and saw 2 of its levels.

You collected 126 gold pieces.

Inventory:

Hand Weapons
 a - a +0 spear
 p - a +4 dagger of venom (weapon)
Missiles
 d - 5 boomerangs of dispersal (quivered)
 k - 56 stones
 l - 26 sling bullets
 n - 31 arrows
Armour
 b - a +0 leather armour (worn)
 o - a +2 helmet (worn)
Jewellery
 g - an amulet of guardian spirit
Scrolls
 c - a scroll of blinking
 e - 2 scrolls of identify {unknown}
 h - a scroll of teleportation {unknown}
 m - 2 scrolls of amnesia {unknown}
Potions
 f - 2 potions of heal wounds {unknown}
 i - 2 potions of might {unknown}
 j - a potion of lignification {unknown}


   Skills:
 + Level 4.6 Fighting
 + Level 1.0 Short Blades
 + Level 1.0 Long Blades
 + Level 1.0 Axes
 + Level 1.0 Maces & Flails
 + Level 4.6 Polearms
 + Level 1.0 Staves
 + Level 1.0 Slings
 + Level 1.0 Bows
 + Level 1.0 Crossbows
 + Level 2.7 Throwing
 + Level 2.7 Armour
 + Level 4.6 Dodging
 + Level 1.0 Stealth
 + Level 1.0 Shields
 + Level 1.0 Unarmed Combat
 + Level 5.0 Spellcasting
 + Level 0.8 Conjurations
 + Level 0.8 Hexes
 + Level 0.8 Summonings
 + Level 0.8 Necromancy
 + Level 5.4 Translocations
 + Level 0.8 Transmutations
 + Level 0.8 Fire Magic
 + Level 0.8 Ice Magic
 + Level 0.8 Air Magic
 + Level 0.8 Earth Magic
 + Level 0.8 Poison Magic
 + Level 1.1 Invocations
 + Level 1.0 Evocations


You had 11 spell levels left.
You knew the following spells:

 Your Spells              Type           Power      Damage    Failure   Level
a - Blink                 Tloc           32%        N/A       4%          2

Your spell library contained the following spells:

 Spells                   Type           Power      Damage    Failure   Level
 Gell's Gravitas          Tloc           16%        N/A       9%          3
 Lesser Beckoning         Tloc           16%        N/A       9%          3
 Teleport Other           Tloc           16%        N/A       9%          3
 Manifold Assault         Tloc           16%        N/A       58%         5


Dungeon Overview and Level Annotations

Branches:
Dungeon (2/15)

Altars:

Annotations:
D:2 Crazy Yiuf


Innate Abilities, Weirdness & Mutations

You have very sharp teeth.
Your uncanny sense of smell can sniff out nearby items.
Your experience applies equally to all skills.


Message History

a +0 club; a goblin skeleton
There is an open door here.
Things that are here:
a +0 club; a goblin skeleton
There is an open door here.
You open the door.
There is an open door here.
There is an open door here.
There is an open door here.
There is an open door here.
Things that are here:
a +0 club; a goblin skeleton
There is an open door here.
Crazy Yiuf shouts!
You open the door. You hit Crazy Yiuf.
Crazy Yiuf is poisoned.
Crazy Yiuf is lightly wounded.
Crazy Yiuf closely misses you.
You barely miss Crazy Yiuf.
Crazy Yiuf is moderately wounded.
Crazy Yiuf whimpers, "Trifle high return to song!"
Crazy Yiuf hits you with a +3 quarterstaff of chaos!
You are poisoned.
You barely miss Crazy Yiuf.
Crazy Yiuf is moderately wounded.
You feel very sick. Crazy Yiuf closely misses you.
You hit Crazy Yiuf. You bite Crazy Yiuf.
Crazy Yiuf is moderately wounded.
You feel very sick. Crazy Yiuf closely misses you.
You barely miss Crazy Yiuf.
Crazy Yiuf is heavily wounded.
You feel very sick.
Crazy Yiuf hits you with a +3 quarterstaff of chaos.
You barely miss Crazy Yiuf. Your bite misses Crazy Yiuf.
Crazy Yiuf is heavily wounded.
You feel sick.
Crazy Yiuf hits you with a +3 quarterstaff of chaos!
You die...

#....# ######.### #
#....# #.......)#
♣....♣ #.#.#....###
♣...♣♣ #.#.........
♣♣.♣♣ #.#......###
♣.♣♣ #...#....# ♣♣.♣
#....#...# ♣.♣♣
#.##'###### ♣♣@♣
#..##....≈# #g#
###.#....≈# ...
#...#....≈# #...#
#####≈≈≈≈≈## #..)#
######'# ##### ###
#..##..# #.# #...#.##
##########.###.......
#.##.#...........####


You could see Crazy Yiuf (very poisoned).

Vanquished Creatures
  Robin (D:1)
  An adder (D:2)
  4 ball pythons
  3 endoplasms
  A giant cockroach (D:2)
  8 goblins
  4 hobgoblins (D:2)
  2 jackals (D:2)
  3 kobolds
  2 quokkas (D:2)
  7 bats (D:2)
  2 frilled lizards (D:2)
  A rat (D:2)
39 creatures vanquished.

Notes
Turn   | Place    | Note
-------+----------+-------------------------------------------
     0 | D:1      | Ablot the Gnoll Warper began the quest for the Orb.
     0 | D:1      | Reached XP level 1. HP: 20/20 MP: 6/6
   832 | D:1      | Found a faded altar of an unknown god.
   864 | D:2      | Reached XP level 2. HP: 24/26 MP: 7/7
   868 | D:2      | Learned a level 2 spell: Blink
  1269 | D:2      | Reached skill level 5 in Spellcasting
  1269 | D:2      | Reached XP level 3. HP: 20/31 MP: 7/9
  1649 | D:2      | Noticed Robin
  1954 | D:2      | Reached skill level 1 in Invocations
  2038 | D:1      | Killed Robin
  2039 | D:1      | Reached skill level 1 in Short Blades
  2039 | D:1      | Reached skill level 1 in Long Blades
  2039 | D:1      | Reached skill level 1 in Axes
  2039 | D:1      | Reached skill level 1 in Maces & Flails
  2039 | D:1      | Reached skill level 1 in Staves
  2039 | D:1      | Reached skill level 1 in Slings
  2039 | D:1      | Reached skill level 1 in Bows
  2039 | D:1      | Reached skill level 1 in Crossbows
  2039 | D:1      | Reached skill level 1 in Stealth
  2039 | D:1      | Reached skill level 1 in Shields
  2039 | D:1      | Reached skill level 1 in Unarmed Combat
  2039 | D:1      | Reached skill level 1 in Evocations
  2384 | D:2      | Reached XP level 4. HP: 38/38 MP: 11/11
  2657 | D:2      | Found a runed translucent door.
  2658 | D:2      | Noticed Crazy Yiuf
  2894 | D:2      | Slain by Crazy Yiuf

Illustrated notes

Levels and vault maps discovered:
D:1:      lightli_arrival_windingriver, layout_basic,
          dilly_ecumenical_altar_fadedgnrine
D:2:      layout_loops_corners, chequers_serial_rivers_room_a,
          uniq_crazy_yiuf_cottage, uniq_robin

Skill      XL: |  1  2  3 |
---------------+----------+-----
Spellcasting   | 5 |  5.0
Invocations    | 1 |  1.1
Short Blades   | 1 |  1.0
Long Blades    | 1 |  1.0
Axes           | 1 |  1.0
Maces & Flails | 1 |  1.0
Staves         | 1 |  1.0
Slings         | 1 |  1.0
Bows           | 1 |  1.0
Crossbows      | 1 |  1.0
Stealth        | 1 |  1.0
Shields        | 1 |  1.0
Unarmed Combat | 1 |  1.0
Evocations     | 1 |  1.0
Fighting       | |  4.6
Polearms       | |  4.6
Throwing       | |  2.7
Armour         | |  2.7
Dodging        | |  4.6
Conjurations   | |  0.8
Hexes          | |  0.8
Summonings     | |  0.8
Necromancy     | |  0.8
Translocations | |  5.4
Transmutations | |  0.8
Fire Magic     | |  0.8
Ice Magic      | |  0.8
Air Magic      | |  0.8
Earth Magic    | |  0.8
Poison Magic   | |  0.8

Action                   |  1- 3 |  4- 6 || total
-------------------------+-------+-------++-------
Melee: Spear             |   137 |    15 ||   152
       Bite              |     6 |     3 ||     9
       Punch             |     1 |       ||     1
       Dagger            |       |    11 ||    11
 Stab: Sleeping          |     2 |       ||     2
Armor: Leather armour    |    35 |     3 ||    38
Dodge: Dodged            |    68 |    12 ||    80
